 Dungeon Crawl Stone Soup version 0.22.0-16-gc6d26f6 (webtiles) character file.

88 SnubMonkey the Chopper (level 4, -1/41 HPs)
             Began as a Hill Orc Abyssal Knight on Aug 17, 2018.
             Was a Follower of Lugonu.
             Killed from afar by Ijyb (21 damage)
             ... with a wand of acid (5)
             ... on level 3 of the Dungeon.
             The game lasted 00:05:20 (2290 turns).

SnubMonkey the Chopper (Hill Orc Abyssal Knight)    Turns: 2290, Time: 00:05:21

Health: -1/41      AC:  7    Str: 14    XL:     4   Next: 54%
Magic:  5/5        EV:  5    Int: 13    God:    Lugonu [*.....]
Gold:   104        SH:  3    Dex: 10    Spells: 3/3 levels left

rFire    . . .     SeeInvis .   a - +2 hand axe
rCold    . . .     Gourm    +   e - +0 buckler
rNeg     . . .     Faith    .   h - +0 chain mail
rPois    .         Spirit   .   (no helmet)
rElec    .         Reflect  .   (no cloak)
rCorr    .         Harm     .   g - +2 pair of gloves
MR       .....                  (no boots)
Stlth    ..........             d - amulet of the gourmand
HPRegen  0.13/turn              (no ring)
MPRegen  0.09/turn              (no ring)

@: corroded
A: no striking features
a: Depart the Abyss, Renounce Religion


You were on level 3 of the Dungeon.
You worshipped Lugonu.
Lugonu was aware of your devotion.
You were hungry.

You visited 1 branch of the dungeon, and saw 3 of its levels.
You visited the Abyss 1 time.

You collected 104 gold pieces.

Inventory:

Hand Weapons
 a - a +2 hand axe (weapon)
Missiles
 k - 91 stones (quivered)
 p - a throwing net
Armour
 e - a +0 buckler (worn)
 g - a +2 pair of gloves (worn)
 h - a +0 chain mail (worn)
Jewellery
 d - an amulet of the gourmand (around neck)
 j - an uncursed amulet of faith
Scrolls
 b - a scroll of enchant weapon
 f - a scroll of amnesia
 l - 2 scrolls of remove curse
 q - a scroll of teleportation {unknown}
 r - a scroll of fear {unknown}
Potions
 i - a potion of cancellation {unknown}
 n - a potion of curing
 o - a potion of lignification {unknown}
Comestibles
 c - 3 rations
 m - a chunk of flesh


   Skills:
 + Level 4.5 Fighting
 * Level 5.0 Axes
 - Level 2.1 Armour
 - Level 0.7 Dodging
 + Level 1.0 Shields
 + Level 2.5 Invocations


You had 3 spell levels left.
You didn't know any spells.
Your spell library was empty.

Dungeon Overview and Level Annotations

Branches:
Dungeon (3/15)

Altars:
Ru

Annotations:
D:3 Ijyb


Message History

Ijyb is moderately wounded.
Ijyb hits you with a club.
You hit Ijyb but do no damage.
Ijyb is moderately wounded.
Ijyb hits you with a club.
* * * LOW HITPOINT WARNING * * *
You hit Ijyb but do no damage.
Ijyb is moderately wounded.
Ijyb hits you but does no damage.
You hit Ijyb but do no damage.
Ijyb is moderately wounded.
Ijyb hits you but does no damage.
You hit Ijyb but do no damage.
Ijyb is moderately wounded.
Ijyb hits you but does no damage.
You hit Ijyb.
Ijyb is heavily wounded.
Ijyb zaps a wand.
The bolt of acid hits you!
Ouch! That really hurt!
You die...

#.# #.. ...
#.#.#.######
...........#
.#.#.#....# #....#
. #<.#.# ...
#@##.######..
.....#.g#.#.......
.............g.....
#...####.#.#.#..#..
#. #.#.#... #
#.#.###.# #.#...#.#
#.###.# # ... #.#


You could see Ijyb.

Vanquished Creatures
  A worker ant zombie (D:3)
  A gnoll (D:1)
  An adder (D:2)
  2 oozes (D:2)
  A worm (D:2)
  2 dart slugs (D:1)
  5 bats
  A giant cockroach (D:1)
  8 goblins
  6 hobgoblins
  3 jackals (D:1)
  A quokka (D:2)
  A frilled lizard (D:3)
  4 kobolds
  4 rats
41 creatures vanquished.

Notes
Turn   | Place    | Note
-------+----------+-------------------------------------------
     0 | Abyss:1  | SnubMonkey the Hill Orc Abyssal Knight began the quest for the Orb.
     0 | Abyss:1  | Reached XP level 1. HP: 19/19 MP: 2/2
     2 | Abyss:1  | Found a corrupted altar of Lugonu.
   180 | Abyss:1  | Found a corrupted altar of Lugonu.
   309 | Abyss:1  | Noticed a shadow
   310 | D:1      | Escaped the Abyss
   396 | D:1      | Reached skill level 3 in Axes
   543 | D:1      | Reached XP level 2. HP: 26/27 MP: 3/3
   571 | D:1      | Reached * piety under Lugonu
   571 | D:1      | Reached skill level 4 in Axes
   576 | D:1      | Reached XP level 3. HP: 10/33 MP: 4/4
  1632 | D:2      | Found a sacrificial altar of Ru.
  1794 | D:2      | Reached XP level 4. HP: 41/41 MP: 5/5
  2229 | D:3      | Reached skill level 5 in Axes
  2229 | D:3      | Reached skill level 1 in Shields
  2268 | D:3      | Noticed Ijyb
  2290 | D:3      | Killed from afar by Ijyb

Skill      XL: |  1  2  3  4 |
---------------+-------------+-----
Axes           | 3 4 5 |  5.0
Fighting       | 4 |  4.5
Shields        | 1 |  1.0
Armour         | |  2.1
Dodging        | |  0.7
Invocations    | |  2.5

Action                   |  1- 3 |  4- 6 || total
-------------------------+-------+-------++-------
Melee: Hand axe          |   133 |    57 ||   190
Throw: Stone             |       |     2 ||     2
Invok: Depart the Abyss  |     1 |       ||     1
  Use: Potion            |     4 |     1 ||     5
       Scroll            |     3 |     2 ||     5
  Eat: Chunk             |     3 |     1 ||     4
Armor: Leather armour    |    17 |       ||    17
       Chain mail        |    39 |    32 ||    71
Dodge: Dodged            |    58 |    15 ||    73
Block: Buckler           |     6 |     5 ||    11
